 Dungeon Crawl Stone Soup version 0.28.0-43-g3370ac3207 (webtiles) character file.

Game seed: 7542841000168283583

2921 dnkovka the Protected (level 9, -4/82 HPs)
             Began as a Minotaur Fighter on Mar 21, 2022.
             Was an Initiate of Gozag.
             Killed by divine providence
             ... invoked by an orc priest
              (13 damage)
             ... on level 8 of the Dungeon.
             The game lasted 00:37:41 (8326 turns).

dnkovka the Protected (Minotaur Fighter)            Turns: 8326, Time: 00:37:42

Health: -4/82      AC: 15    Str: 30    XL:     9   Next: 50%
Magic:  8/8        EV:  8    Int:  5    God:    Gozag
Gold:   517        SH:  6    Dex: 11    Spells: 8/8 levels left

rFire   . . .      SeeInvis .   a - +1 war axe
rCold   . . .      Faith    .   c - +0 buckler
rNeg    . . .      Spirit   .   F - +1 chain mail {rPois}
rPois   +          Reflect  .   (helmet restricted)
rElec   .          Harm     .   l - scarf {+Inv}
rCorr   .          Rampage  .   (no gloves)
Will    +....                   w - +2 pair of boots
Stlth   ..........              (no amulet)
HPRegen 0.23/turn               u - +6 ring of strength
MPRegen 0.11/turn               y - ring of willpower

@: lethally poisoned (-4 -> -8), slowed, very slow
A: horns 2, retaliatory headbutt, talons 1, mutation resistance 1
a: Renounce Religion, Evoke Invisibility, Potion Petition, Call Merchant, Bribe
Branch


You were on level 8 of the Dungeon.
You worshipped Gozag.
Gozag was pleased with you.
You visited 2 branches of the dungeon, and saw 9 of its levels.

You collected 584 gold pieces.
You paid 67 gold pieces to Gozag.

Inventory:

Hand Weapons
 a - a +1 war axe (weapon)
 E - a +2 halberd
Missiles
 g - 38 sling bullets
 h - 47 bolts
 i - 234 stones (quivered)
 j - 69 arrows
 q - 8 poisoned darts
Armour
 c - a +0 buckler (worn)
 l - a scarf of invisibility (worn)
 w - a +2 pair of boots (worn)
 F - a +1 chain mail of poison resistance (worn)
Magical Staves
 b - a staff of fire
Jewellery
 t - a ring of resist corrosion
 u - a +6 ring of strength (left hand)
 v - a ring of protection from cold
 y - a ring of willpower (right hand)
Wands
 B - a wand of flame (29)
 C - a wand of mindburst (16)
Scrolls
 k - a scroll of immolation {unknown}
 o - 5 scrolls of identify
 p - 4 scrolls of teleportation
 A - a scroll of blinking {unknown}
 D - a scroll of fear {unknown}
Potions
 d - 3 potions of might
 f - a potion of attraction {unknown}
 m - a potion of invisibility {unknown}
 n - 2 potions of lignification {unknown}
 r - a potion of brilliance {unknown}
 s - 2 potions of resistance {unknown}
 x - 2 potions of curing {unknown}
 z - 2 potions of degeneration {unknown}
 G - a potion of berserk rage {unknown}


   Skills:
 + Level 8.8 Fighting
 + Level 8.2 Axes
 + Level 8.8 Armour
 + Level 8.7 Shields


You had 8 spell levels left.
You didn't know any spells.
Your spell library was empty.

Dungeon Overview and Level Annotations

Branches:
Dungeon (8/15)             Temple (1/1) D:5
   Lair: D:8-11

Altars:
Ashenzari
Cheibriados
Dithmenos
Elyvilon
Fedhas
Gozag
Hepliaklqana
Kikubaaqudgha
Makhleb
Nemelex Xobeh
Okawaru
Qazlal
Ru
Sif Muna
Trog
Uskayaw
Vehumet
Wu Jian
Xom
Yredelemnul
Zin
The Shining One

Shops:
D:5 =   D:8 (

Portals:
Abyss: D:5

Annotations:
D:5 2 transporters, dangdung's ghost, novice OpTm


Innate Abilities, Weirdness & Mutations

You have a pair of horns on your head.
You reflexively headbutt those who attack you in melee.
You have sharp toenails.
You are somewhat resistant to further mutation.


Message History

You closely miss the hornet.
The hornet stings you but does no damage.
The hornet stings you.
You are poisoned.
You feel yourself slow down.
The teleport trap disappears.
The orc disappears!
You hit the hornet. Your headbutt misses the hornet.
The hornet is lightly wounded.
You feel yourself speed up.
You feel very sick.
The hornet stings you but does no damage. x2
The orc priest invokes the aid of Beogh against you.
Beogh smites you!
The orc warrior hits you with a +0 war axe.
The hornet stings you but does no damage.
You feel sick.
The hornet stings you but does no damage.
You see here 24 stones.
You feel sick.
The electric eel shoots out a bolt of lightning at you!
The bolt of electricity hits you! The hornet stings you.
You feel yourself slow down.
The sentinel's mark upon you fades away.
You feel sick. The hornet stings you.
You feel as though you will be slow longer.
You feel sick.
The hornet stings you but does no damage.
You feel sick. The hornet stings you!
* * * LOW HITPOINT WARNING * * *
You are more poisoned.
The hornet barely misses you. You furiously retaliate!
You headbutt the hornet, but do no damage.
You feel very sick. The hornet stings you.
* * * LOW HITPOINT WARNING * * *
You feel as though you will be slow longer.
You feel sick.
The orc priest mumbles some strange prayers to Beogh against you.
Beogh smites you!
You die...
Your body crumbles into a pile of gold.

≈≈.≈≈≈≈≈.#..#.# #.# #.#.#
≈≈.......#..$.# ###.###.#.#####
....≈≈S≈.#.#.(# #....##.#.....#
≈≈≈.≈≈≈≈...#..# #....##.#####.#
≈≈≈.≈≈S≈....#o###....##.# #.#
≈≈≈.≈≈≈≈....#.o##....##.#####.##
≈≈≈.≈≈≈≈....#.o##....##.#<......
..............y####.###.###....#
###....#.#.@# #.##....[)....
#### #.##.# #.##....).....
#.##.# #.#...........
#.#.##.###.#.#####.....
#.........∩..# #.....
###.###.##[### #..... #.# #.##.#
#..... #######.# #..#.# #.....
#.......####.#.# .....


You could see a hornet, an orc warrior, an orc priest and an orc.

Vanquished Creatures
  Pikel (D:7)
  Prince Ribbit (D:7)
  2 water moccasins
  Duvessa (D:7)
  An orc warrior (D:8)
  A black bear (D:7)
  3 ogres
  A sky beast (D:5)
  A necrophage (D:4)
  2 centaurs (D:5)
  3 lemures (D:7)
  3 bullfrogs
  A wyvern skeleton (D:6)
  Dowan (D:7)
  5 wights (D:7)
  A howler monkey (D:5)
  A centaur zombie (D:5)
  2 orc priests
  3 hounds
  A jelly (D:6)
  A bullfrog skeleton (D:5)
  7 iguanas
  A gnoll shaman (D:5)
  2 orc wizards
  A hound skeleton (D:4)
  A gnoll (D:2)
  A howler monkey skeleton (D:5)
  6 adders
  2 ufetubi (D:7)
  An adder skeleton (D:5)
  2 worms
  A dart slug (D:2)
  12 orcs
  5 endoplasms
  A giant cockroach (D:4)
  6 goblins
  6 hobgoblins
  5 jackals
  6 kobolds
  5 ball pythons
  3 bats
  4 frilled lizards
  9 rats
123 creatures vanquished.

Vanquished Creatures (others)
  A centaur (D:5)
  A scorpion (D:5)
  A hound (D:5)
  An orc wizard (D:5)
  An adder (D:5)
  An orc (D:5)
6 creatures vanquished.

Grand Total: 129 creatures vanquished

Notes
Turn   | Place    | Note
-------+----------+-------------------------------------------
     0 | D:1      | dnkovka the Minotaur Fighter began the quest for the Orb.
     0 | D:1      | Reached XP level 1. HP: 19/19 MP: 0/0
   520 | D:1      | Reached XP level 2. HP: 24/27 MP: 1/1
  1062 | D:1      | Reached XP level 3. HP: 33/33 MP: 2/2
  1302 | D:2      | Found a faded altar of an unknown god.
  2155 | D:3      | Reached XP level 4. HP: 22/41 MP: 3/3
  2520 | D:3      | You fall into a shaft and drop 1 floor!
  3083 | D:5      | Entered Level 5 of the Dungeon
  3316 | D:5      | Reached XP level 5. HP: 44/47 MP: 4/4
  3395 | D:4      | Noticed a necrophage
  3403 | D:4      | Killed a necrophage
  3404 | D:4      | Reached skill level 5 in Fighting
  3404 | D:4      | Reached skill level 5 in Armour
  3404 | D:4      | Reached skill level 5 in Shields
  3442 | D:4      | Noticed an ogre
  3452 | D:4      | Killed an ogre
  3453 | D:4      | Reached XP level 6. HP: 56/56 MP: 5/5
  4061 | D:3      | Gained mutation: You are somewhat resistant to further
                  | mutation. [potion of mutation]
  4061 | D:3      | Gained mutation: You have sharp toenails. [potion of
                  | mutation]
  4267 | D:5      | Found a transporter.
  4267 | D:5      | Found a transporter.
  4268 | D:5      | Found a one-way gate to the infinite horrors of the Abyss.
  4268 | D:5      | Noticed dangdung's ghost (novice OpTm)
  4538 | D:5      | Found a staircase to the Ecumenical Temple.
  4539 | D:5      | Noticed a sky beast
  4580 | D:5      | Killed a sky beast
  4581 | D:5      | Reached skill level 5 in Axes
  4581 | D:5      | Reached XP level 7. HP: 42/62 MP: 6/6
  5121 | Temple   | Entered the Ecumenical Temple
  5212 | Temple   | Became a worshipper of Gozag Ym Sagoz the Greedy
  5433 | D:5      | Found a shimmering altar of Xom.
  5596 | D:5      | Found Diyrr's Jewellery Shop.
  5704 | D:5      | Reached XP level 8. HP: 54/71 MP: 7/7
  6678 | D:7      | Noticed Prince Ribbit
  6711 | D:7      | Killed Prince Ribbit
  6737 | D:7      | Noticed Pikel
  6754 | D:7      | Killed Pikel
  6755 | D:7      | Reached XP level 9. HP: 56/81 MP: 8/8
  7004 | D:7      | Noticed Duvessa
  7004 | D:7      | Noticed Dowan
  7020 | D:7      | Killed Dowan
  7025 | D:7      | Killed Duvessa
  7747 | D:8      | Found Peyl's Weapon Shoppe.
  8326 | D:8      | Killed from afar by an orc priest

Illustrated notes

Levels and vault maps discovered:
D:1:      dpeg_arrival_water_temple_mockup, layout_basic, nrook_loot_triangle,
          skrybe_limestone_x
D:2:      layout_basic, basic_ecumenical_altar, cheibrodos_gnoll_hut
D:3:      layout_basic, corexii_leaking_fountain
D:4:      layout_gridville
D:5:      layout_loops_ring, xom_confusion_cloud,
          minmay_temple_entry_stoned_glass, serial_shops, shop,
          gammafunk_ghost_abyssal_escape, minivault_24
D:6:      layout_rooms, minmay_misc_feat_five
D:7:      layout_loops_ring, minivault_24, uniq_pikel, uniq_duvessa,
          uniq_prince_ribbit1
D:8:      layout_basic, serial_shops, nicolae_shop_crystal, minivault_14
Temple:   grunt_wide_crystal_templ

Skill      XL: |  1  2  3  4  5  6  7  8  9 |
---------------+----------------------------+-----
Armour         | 4 5 6 8 |  8.8
Shields        | 4 5 6 8 |  8.7
Fighting       | 4 5 6 8 |  8.8
Axes           | 3 4 5 7 8 |  8.2

Action                   |  1- 3 |  4- 6 |  7- 9 || total
-------------------------+-------+-------+-------++-------
Melee: War axe           |    96 |    75 |   194 ||   365
       Headbutt          |    12 |    12 |    28 ||    52
  Use: Potion            |       |     4 |     3 ||     7
       Scroll            |       |     6 |       ||     6
Armor: Scale mail        |    52 |       |       ||    52
       Chain mail        |       |    54 |   105 ||   159
Dodge: Dodged            |    42 |    31 |    75 ||   148
Block: Buckler           |    26 |    15 |    56 ||    97
